 Dungeon Crawl Stone Soup version 0.20-a0-830-g2c9a30d (webtiles) character file.

754 M4edhros the Covert (level 7, -1/43 HPs)
             Began as an Octopode Artificer on Mar 7, 2017.
             Slain by a phantom (6 damage)
             ... on level 5 of the Dungeon.
             The game lasted 00:05:20 (2688 turns).

M4edhros the Covert (Octopode Artificer)            Turns: 2688, Time: 00:05:21

Health: -1/43      AC:  1    Str: 11    XL:     7   Next: 79%
Magic:  9/9        EV: 13    Int: 14    God:
Gold:   157        SH:  0    Dex: 14    Spells: 6/6 levels left

rFire    . . .     SeeInvis .   j - +0 hand axe (elec)
rCold    . . .     Gourm    .   (no shield)
rNeg     . . .     Faith    .   (helmet restricted)
rPois    .         Spirit   .   (no amulet)
rElec    .         Reflect  .   (no ring)
rCorr    .         Harm     .   (no ring)
MR       .....                  (no ring)
Stlth    ++++++....             (no ring)
Regen    0.2/turn               (no ring)
MPRegen  0.2/turn               (no ring)
                                (no ring)
                                (no ring)

@: no status effects
A: almost no armour, stealthy swim, amphibious, 8 rings, constrict 8, camouflage
1, gelatinous body 1
a: no special abilities


You were on level 5 of the Dungeon.
You were near starving.

You visited 1 branch of the dungeon, and saw 5 of its levels.
You also visited: Sewer.

You collected 157 gold pieces.

Inventory:

Hand Weapons
 a - a +0 short sword
 j - a +0 hand axe of electrocution (weapon)
Missiles
 i - 60 stones (quivered)
Wands
 b - a wand of flame (0/48)
 c - a wand of enslavement (10/24)
 d - a wand of random effects (0/48)
Scrolls
 e - 2 scrolls of recharging {unknown}
 g - 2 scrolls of remove curse {unknown}
 h - a scroll of magic mapping {unknown}
 l - 2 scrolls of fog {unknown}
 o - a scroll of identify {unknown}
 r - 2 scrolls of teleportation {unknown}
 u - a scroll of immolation {unknown}
 w - a scroll of blinking {unknown}
Potions
 m - 4 potions of heal wounds
 p - 2 potions of flight {unknown}
 q - 2 potions of magic {unknown}
 s - a potion of resistance {unknown}
 t - a potion of brilliance {unknown}
 v - a potion of ambrosia
 x - a potion of might {unknown}
Comestibles
 f - 2 bread rations
 k - 6 meat rations
 n - a royal jelly


   Skills:
 - Level 1.0 Fighting
 - Level 1.0 Short Blades
 - Level 2.0 Dodging
 + Level 11.7 Stealth
 - Level 3.2 Evocations


You had 6 spell levels left.
You didn't know any spells.

Dungeon Overview and Level Annotations

Branches:
Dungeon (5/15)
 Temple: D:4-7

Altars:
Elyvilon
Zin

Annotations:
D:3 Eptagon's ghost, amateur OgBe


Innate Abilities, Weirdness & Mutations

You cannot wear most types of armour.
You are very stealthy in the water. (Stealth+)
You are amphibious.
You can wear up to eight rings at the same time.
You can use your tentacles to constrict eight enemies at once.
Your skin changes colour to match your surroundings (Stealth+).
Your rubbery body absorbs attacks. (AC +1, EV +1)


Message History

You throw a stone.
The stone hits the phantom but does no damage.
The phantom is almost destroyed.
Throwing (i - inventory):
i - 61 stones (quivered)
Press: ? - help, Shift-Dir - straight line, f/p - phantom
Aim: a phantom (almost destroyed)
You throw a stone. The stone closely misses the phantom.
You miss the phantom.
The phantom is almost destroyed.
The phantom hits you.
You barely miss the phantom.
The phantom is almost destroyed.
The phantom hits you.
* * * LOW HITPOINT WARNING * * *
The phantom hits you.
* * * LOW HITPOINT WARNING * * *
You miss the phantom.
The phantom is almost destroyed.
The phantom hits you.
You die...

........##.# #.#
........##.# #(#
...<..#.##.# #.#
#####.#.##.# #.#
....#.#.##.# #.#
##.##.#....# #(#
#.##.###### #.#
##.##.# #W#
....#.# #@#
.####.# #>#
......# #.##.#
..##### #.##.# ..#
#.##(# ..# #.##.#
..# #.##.#
..###########.##(#
..............##.#


You could see a phantom.

Vanquished Creatures
  Grinder (D:5)
  Sigmund (D:4)
  The ghost of M4edhros the Insei, an amateur OpNe (Sewer)
  Purgy (Sewer)
  A crimson imp (D:5)
  2 orc wizards (D:4)
  An iguana (D:4)
  2 worker ants
  5 adders
  A river rat (D:4)
  An adder skeleton (D:5)
  2 worms
  A dart slug (D:4)
  A leopard gecko (D:4)
  8 orcs (D:4)
  2 ball pythons (Sewer)
  3 giant cockroaches
  2 jackals (D:4)
  3 bats
  7 frilled lizards
  2 goblins (D:1)
  A kobold (D:2)
  5 rats
54 creatures vanquished.

Vanquished Creatures (others)
  A worker ant (D:4)
  An orc (D:4)
  A ball python (D:4)
3 creatures vanquished.

Grand Total: 57 creatures vanquished

Notes
Turn   | Place    | Note
-------+----------+-------------------------------------------
     0 | D:1      | M4edhros the Octopode Artificer began the quest for the Orb.
     0 | D:1      | Reached XP level 1. HP: 13/13 MP: 3/3
   136 | D:1      | Reached skill level 2 in Stealth
   297 | D:2      | Reached XP level 2. HP: 16/18 MP: 4/4
   306 | D:2      | Reached skill level 3 in Stealth
   332 | D:2      | Found a white marble altar of Elyvilon.
   476 | D:3      | Noticed Eptagon's ghost (amateur OgBe)
   519 | D:4      | Reached skill level 4 in Stealth
   519 | D:4      | Reached XP level 3. HP: 13/23 MP: 5/5
   532 | D:4      | Found a glowing drain.
   551 | D:4      | Reached skill level 5 in Stealth
   596 | D:4      | Reached XP level 4. HP: 8/28 MP: 6/6
   703 | D:4      | Found a glowing silver altar of Zin.
   704 | D:4      | Noticed an angel
   813 | D:4      | Reached skill level 6 in Stealth
   823 | D:4      | Reached XP level 5. HP: 5/33 MP: 7/7
   896 | Sewer    | Entered a sewer
   982 | Sewer    | Noticed M4edhros's ghost (amateur OpNe)
   997 | Sewer    | Killed M4edhros's ghost
   997 | Sewer    | Reached skill level 8 in Stealth
   997 | Sewer    | Reached XP level 6. HP: 37/38 MP: 8/8
  1037 | Sewer    | Noticed Purgy
  1059 | Sewer    | Killed Purgy
  1059 | Sewer    | Reached skill level 9 in Stealth
  1457 | D:4      | Noticed Sigmund
  1497 | D:4      | Killed Sigmund
  1497 | D:4      | Reached skill level 10 in Stealth
  1497 | D:4      | Reached XP level 7. HP: 22/43 MP: 9/9
  2136 | D:4      | You fall through a shaft!
  2136 | D:5      | Entered Level 5 of the Dungeon
  2405 | D:5      | Noticed Grinder
  2418 | D:5      | Killed Grinder
  2418 | D:5      | Reached skill level 11 in Stealth
  2688 | D:5      | Slain by a phantom

Vault maps used:
D:1:      dpeg_arrival_simpleton_b, roderic_lattice_a, minivault_25,
          hangedman_decor_lopped
D:2:      elyvilon_altar_5, kennysheep_flooded_box
D:3:      tgw_fedhas, uniq_crazy_yiuf_cottage
D:4:      zin_angel, first_bread, portal_sewer_entry_c, uniq_sigmund
D:5:      minitemple, serial_shops, kennysheep_mini, uniq_grinder,
          uniq_blork_the_orc, uniq_duvessa
Sewer:    sewer_co_purgy_island

Skill      XL: |  1  2  3  4  5  6  7 |
---------------+----------------------+-----
Stealth        | 2 4 5 6 8 10 11 | 11.7
Fighting       | |  1.0
Short Blades   | |  1.0
Dodging        | |  2.0
Evocations     | |  3.2

Action                   |  1- 3 |  4- 6 |  7- 9 || total
-------------------------+-------+-------+-------++-------
Melee: Short sword       |    41 |     8 |       ||    49
       Constrict         |     9 |    10 |    12 ||    31
       Tentacles         |     7 |     5 |     8 ||    20
       Hand axe          |       |    21 |    60 ||    81
Throw: Stone             |       |       |     4 ||     4
Evoke: Wand              |    10 |    18 |     7 ||    35
  Use: Potion            |     1 |     2 |       ||     3
 Stab: Sleeping          |     4 |     1 |     6 ||    11
       Distracted        |       |     1 |       ||     1
       Paralysed         |       |       |     3 ||     3
  Eat: Chunk             |       |     1 |     3 ||     4
Armor: Skin              |     1 |     2 |     1 ||     4
Dodge: Dodged            |    25 |    26 |    33 ||    84
